AoeStats
← Gobbor

Arena

510532471Analyzed
2v2 RM · 16h ago on Oct 1, 2026· 56m 23s· 4 players
Game mode
Random Map
Map size
Medium (4 player)
Population
200
Speed
Normal
Resources
Standard
Victory
Conquest
Starting age
Dark Age
Ending age
Imperial Age
RankedLock teamsTeams togetherTeam positionsShared explorationLock speedFull tech treeHidden civsTurbo modeCheats
Victory
Defeat
🇩🇰 Danes · Denmark
675
+13
🇫🇷 Maya · France
669
+14
🇨🇳 Celts · China
640
-14
🇷🇺 Varangians · Russia
597
-13
Thàedric
4:41 Loom
11:02 Feudal Age
13:10 Double-Bit Axe
18:50 Castle Age
17:36 Stone Mining
17:39 Gold Mining
18:49 Horse Collar
22:05 Padded Archer Armor
21:56 Fletching
24:05 Bodkin Arrow
24:59 Heavy Plow
25:15 Bow Saw
27:59 Pikeman
32:23 Imperial Age
30:38 Thumb Ring
31:28 Wheelbarrow
31:46 Ballistics
33:04 Leather Archer Armor
33:03 Forging
34:08 Conscription
33:52 Town Watch
35:49 Ring Archer Armor
35:20 Bracer
35:23 Scale Mail Armor
35:52 Squires
37:24 Stone Shaft Mining
37:41 Elite Plumed Archer
39:04 Hoardings
38:00 Eagle Warrior
39:34 Hand Cart
43:54 Iron Casting
43:35 Chain Mail Armor
43:33 Town Patrol
45:03 Chemistry
45:17 Elite Eagle Warrior
47:55 Halberdier
50:49 Blast Furnace
50:20 Plate Mail Armor
51:19 Fortified Wall
54:07 Capped Ram
55:27 Arson
55:06 Siege Ram
Gobbor
0:30 Loom
10:47 Feudal Age
11:59 Double-Bit Axe
12:26 Horse Collar
13:12 Gold Mining
14:28 Stone Mining
18:04 Arson
23:07 Castle Age
24:13 Wheelbarrow
24:28 Squires
24:34 Caravan
25:10 Bow Saw
25:02 Heavy Plow
25:40 Gold Shaft Mining
25:41 Stone Shaft Mining
26:48 Hand Cart
26:35 Hamask
29:13 Forging
29:09 Scale Barding Armor
29:40 Scale Mail Armor
30:45 Gambesons
32:39 Chain Mail Armor
36:05 Iron Casting
41:10 Imperial Age
41:32 Northmen's Fury
43:24 Conscription
42:40 Elite Jomsviking
51:37 Blast Furnace
54:18 Elite Varangian Guard
stone wall builder
11:16 Feudal Age
12:33 Double-Bit Axe
14:49 Castle Age
12:39 Horse Collar
16:05 Bow Saw
15:56 Heavy Plow
16:32 Wheelbarrow
21:21 Hand Cart
22:36 Stone Mining
22:41 Gold Mining
25:22 Loom
25:22 Town Watch
26:11 Fortified Wall
26:44 Gold Shaft Mining
29:03 Imperial Age
27:07 Forging
26:57 Scale Mail Armor
27:02 Scale Barding Armor
26:47 Fletching
26:57 Padded Archer Armor
28:58 Town Patrol
30:39 Caravan
30:50 Guilds
31:10 Coinage
31:10 Conscription
31:01 Furor Celtica
30:12 Elite Woad Raider
31:29 Iron Casting
31:09 Chain Mail Armor
31:14 Chain Barding Armor
32:22 Banking
31:40 Onager
33:06 Stone Shaft Mining
32:16 Heavy Scorpion
33:40 Siege Engineers
35:29 Blast Furnace
34:59 Plate Mail Armor
34:25 Bodkin Arrow
34:46 Leather Archer Armor
35:01 Ballistics
35:10 Siege Onager
39:15 Chemistry
38:26 Masonry
38:06 Heated Shot
38:12 Murder Holes
38:09 Guard Tower
38:04 Arrowslits
38:30 Careening
38:31 Clinker Construction
40:20 Ring Archer Armor
43:03 Stronghold
43:49 Hoardings
42:44 Sappers
48:51 Capped Ram
50:32 Siege Ram
stone wall killer
10:08 Feudal Age
11:19 Double-Bit Axe
13:49 Castle Age
12:38 Horse Collar
13:35 Loom
14:50 Bow Saw
14:43 Heavy Plow
17:32 Fervor
18:35 Bow Saw
23:37 Wheelbarrow
25:34 Hand Cart
30:39 Imperial Age
28:49 Stone Mining
28:51 Gold Mining
28:49 Treadmill Crane
30:12 Stone Shaft Mining
29:37 Fletching
29:48 Padded Archer Armor
30:35 Ballistics
30:19 Bodkin Arrow
32:19 Chemistry
32:21 Two-Man Saw
31:52 Crop Rotation
31:35 Guilds
32:02 Squires
31:47 Arson
32:28 Conscription
32:15 Scale Mail Armor
32:17 Town Watch
32:43 Caravan
33:19 Bracer
33:07 Gothikon
33:39 Gambesons
33:51 Elite Varangian Guard
34:44 Bloodlines
34:35 Husbandry
34:51 Chain Mail Armor
34:47 Forging
35:14 Town Patrol
35:45 Siege Engineers
36:28 Plate Mail Armor
36:57 Iron Casting
36:34 Masonry
37:58 Light Cavalry
39:50 Blast Furnace
38:56 Scale Barding Armor
39:01 Hussar
40:48 Architecture
40:13 Murder Holes
40:32 Fortified Wall
41:31 Elite Jarl
42:29 Guard Tower
43:01 Chain Barding Armor
50:50 Plate Barding Armor
54:27 Leather Archer Armor
54:59 Vendel Legacy
56:53 Ring Archer Armor
56:09 Capped Ram
Connection lost

Rejoining the realm…

Still unreachable

The connection could not be restored.

Session expired

The server has moved on; the page needs a fresh start.